 Dungeon Sprint DCSS version 0.27-a0-1189-gb8eb6cee8e (webtiles) character file.

Game seed: 6884400839206427509

631 mhtbhm the Geomancer (level 7, -2/36 HPs)
             Began as a Gargoyle Earth Elementalist on May 22, 2021.
             Was a Priest of Vehumet.
             Slain by a sun demon (6 damage)
             ... in the Dungeon (Sprint V: "Ziggurat Sprint").
             The game lasted 00:02:20 (396 turns).

mhtbhm the Geomancer (Gargoyle Earth Elementalist)   Turns: 396, Time: 00:02:21

Health: -2/36      AC:  9    Str: 11    XL:     7   Next: 48%
Magic:  7/17       EV: 13    Int: 30    God:    Vehumet [***...]
Gold:   0          SH:  0    Dex: 10    Spells: 5/20 levels left

rFire    + . .     SeeInvis .   D - +8 lance "Wyrmbane" {slay drac, rPois rF+ rC+ AC+3}
rCold    + . .     Faith    .   (no shield)
rNeg     + . .     Spirit   .   c - +0 robe
rPois    ∞         Reflect  .   (no helmet)
rElec    +         Harm     .   (no cloak)
rCorr    .         Rampage  .   (no gloves)
Will     .....     NoTele   +   (no boots)
Stlth    +++.......             (no amulet)
HPRegen  0.12/turn              w - +6 ring of intelligence
MPRegen  0.15/turn              v - +6 ring of intelligence

@: no status effects
A: sickness immunity, AC +4, negative energy resistance 1, electricity
resistance, torment resistance 1, petrification resistance
a: Renounce Religion


You were in the Dungeon.
You worshipped Vehumet.
Vehumet was most pleased with you.
You visited 1 branch

Inventory:

Hand Weapons
 D - the +8 lance "Wyrmbane" (weapon) {slay drac, rPois rF+ rC+ AC+3}
   (You found it in the Dungeon)

   It affects your AC (+3).
   It protects you from fire.
   It protects you from cold.
   It protects you from poison.
Missiles
 b - 23 stones
Armour
 c - a +0 robe (worn)
Jewellery
 v - a +6 ring of intelligence (right hand)
 w - a +6 ring of intelligence (left hand)
Wands
 z - a wand of mindburst (7)
 A - a wand of iceblast (7)
 B - a wand of acid (3)
Scrolls
 i - 4 scrolls of blinking
 n - 4 scrolls of amnesia
 o - 7 scrolls of fog
 p - a scroll of holy word
 q - 5 scrolls of identify
 r - 2 scrolls of fear
 s - a scroll of brand weapon
Potions
 a - 2 potions of brilliance
 d - 10 potions of curing
 e - 10 potions of heal wounds
 f - 6 potions of haste
 g - 7 potions of magic
 h - 3 potions of berserk rage
 j - 2 potions of invisibility
 k - 4 potions of resistance
 l - a potion of experience
 m - 5 potions of might
Miscellaneous
 C - a lightning rod (1/4)


   Skills:
 + Level 5.1 Dodging
 - Level 5.8 Stealth
 + Level 7.0 Spellcasting
 + Level 1.8 Transmutations
 + Level 13.3 Earth Magic
 + Level 2.4 Evocations


You had 5 spell levels left.
You knew the following spells:

 Your Spells              Type           Power      Damage    Failure   Level
a - Sandblast             Erth           100%       2d20      0%          1
b - Passwall              Tmut/Erth      45%        N/A       1%          2
c - Stone Arrow           Conj/Erth      100%       3d13      1%          3
d - Lee's Rapid Deconstr  Erth           37%        3d19*     1%          5
e - Petrify               Tmut/Erth      54%        N/A       2%          4

Your spell library contained the following spells:

 Spells                   Type           Power      Damage    Failure   Level
 Freeze                   Ice            40%        1d6       1%          1
 Static Discharge         Conj/Air       10%        N/A       1%          2
 Gell's Gravitas          Tloc           5%         N/A       14%         3
 Portal Projectile        Hex/Tloc       20%        N/A       14%         3
 Lightning Bolt           Conj/Air       5%         1d17      32%         5
 Passage of Golubria      Tloc           N/A        N/A       43%         4
 Manifold Assault         Tloc           10%        N/A       78%         5
 Shatter                  Erth           37%        3d29*     99%         9
 Dispersal                Tloc           5%         N/A       100%        6
 Borgnjor's Revivificati  Necr           5%         N/A       100%        8
 Disjunction              Tloc           5%         N/A       100%        8
 Ignition                 Fire           5%         3d4       100%        8
 Infestation              Necr           5%         N/A       100%        8
 Necromutation            Tmut/Necr      8%         N/A       100%        8
 Death's Door             Necr           5%         N/A       100%        9
 Tornado                  Air            5%         N/A       100%        9


Dungeon Overview and Level Annotations

Branches:
Dungeon (1/1)

Altars:
Ashenzari
Cheibriados
Dithmenos
Elyvilon
Fedhas
Gozag
Hepliaklqana
Kikubaaqudgha
Makhleb
Nemelex Xobeh
Okawaru
Qazlal
Ru
Sif Muna
Trog
Uskayaw
Vehumet
Wu Jian
Xom
Yredelemnul
Zin
The Shining One
Beogh
Jiyva
Lugonu

Annotations:
D 1 transporter


Innate Abilities, Weirdness & Mutations

You are immune to sickness and miasma.
Your stone body is resilient. (AC +4)
You are immune to poison.
You resist negative energy. (rN+)
You are resistant to electric shocks. (rElec)
You are resistant to unholy torment.
You are immune to petrification.


Message History

Unknown command.
Unknown command.
Unknown command.
Aiming: Thunderbolt
Press: ? - help, Shift-Dir - straight line, f/p - small abomination
Aim: a small abomination (heavily damaged)
The thunderbolt hits the white imp!
The white imp is almost dead.
The thunderbolt hits the small abomination!
The small abomination is almost destroyed.
The thunderbolt hits the green draconian stormcaller!
The green draconian stormcaller is severely wounded.
The thunderbolt hits the sun demon.
The sun demon resists.
The sun demon is moderately wounded.
Unknown command.
Unknown command.
Unknown command.
Okay, then.
Aiming: Thunderbolt
Press: ? - help, Shift-Dir - straight line, f - sun demon, p - small abomination
Aim: a sun demon (moderately wounded)
The thunderbolt hits the small abomination!
You destroy the small abomination!
Vehumet accepts your kill. Vehumet offers you knowledge of Freeze.
Vehumet is now aiding your destructive spells.
The thunderbolt hits the white imp!!
You kill the white imp!
Vehumet accepts your kill.
You feel your power returning.
The thunderbolt hits the green draconian stormcaller!!
You kill the green draconian stormcaller!
Vehumet accepts your kill.
The thunderbolt hits the sun demon.
The sun demon resists.
The sun demon is moderately wounded.
The sun demon hits you!!
Ouch! That really hurt!
* * * LOW HITPOINT WARNING * * *
You are engulfed in flames.
You resist.
You die...

▓..©..▓..©..▓▓▓▓▓▓▓
▓▓▓▓▓▓▓▓▓▓▓▓▓▓
▓..8©8...▓
▓..)"[...▓
▓...[....▓
▓........▓
...)....▓
▓.▓.3..▓.▓
▓...@....▓
▓▓▓▓▓▓▓▓▓▓


You could see a sun demon.

Vanquished Creatures
  A draconian stormcaller (D)
  A vault sentinel (D)
  A slime creature (D)
  A small abomination (D)
  A bullfrog (D)
  A jelly (D)
  An iguana (D)
  A river rat (D)
  A white imp (D)
  2 endoplasms (D)
  A jackal (D)
12 creatures vanquished.

Notes
Turn   | Place    | Note
-------+----------+-------------------------------------------
     0 | D        | mhtbhm the Gargoyle Earth Elementalist began the quest for
                  | the Orb.
     0 | D        | Reached XP level 1. HP: 10/10 MP: 3/3
     0 | D        | Found a shimmering blue altar of Sif Muna.
     0 | D        | Found a bloodstained altar of Trog.
     0 | D        | Found a sacrificial altar of Ru.
     0 | D        | Found a stormy altar of Qazlal.
     0 | D        | Found an iron altar of Okawaru.
     1 | D        | Found a sparkling altar of Nemelex Xobeh.
     1 | D        | Found a blossoming altar of Fedhas.
     2 | D        | Found the +6 Majin-Bo {vamp, MP+6 Int+6}
     2 | D        | Found the +9 heavy crossbow "Sniper" {vorpal, Acc+∞ SInv}
     2 | D        | Found the +10 dark maul {vorpal}
     2 | D        | Found the +15 Maxwell's patent armour {-Cast -Tele rElec
                  | Will+ rCorr}
     2 | D        | Found the +18 shield of the Gong {rElec rN+ Will+ EV-5}
     2 | D        | Found the +14 obsidian axe {vorpal, Drain Fly SInv}
     2 | D        | Found the +7 great mace "Firestarter" {inner flame, rF++}
     2 | D        | Found the +6 shillelagh "Devastator" {shatter}
     2 | D        | Found the +11 plutonium sword {Contam Stlth-}
     2 | D        | Found the +8 lance "Wyrmbane" {slay drac, rPois rF+ rC+
                  | AC+3}
     2 | D        | Found the +9 sword of Zonguldrok {reap}
     2 | D        | Found the +13 scythe of Curses {drain, Drain}
     2 | D        | Found the +5 sword of Power {vorpal}
     2 | D        | Found the +7 mace of Variability {chain chaos}
     2 | D        | Found the +7 Singing Sword {vorpal, sonic wave}
     2 | D        | Found the +8 storm bow {elec, penet}
     3 | D        | Found a transporter.
     3 | D        | Found an ancient bone altar of Kikubaaqudgha.
     3 | D        | Found a viscous altar of Jiyva.
     3 | D        | Found a corrupted altar of Lugonu.
     3 | D        | Found a hazy altar of Hepliaklqana.
     3 | D        | Found a burning altar of Makhleb.
     3 | D        | Found an opulent altar of Gozag.
    37 | D        | Became a worshipper of Vehumet
    63 | D        | Entered arena 2.
    63 | D        | Noticed a slime creature
    63 | D        | Noticed a vault sentinel
    63 | D        | Found a transporter.
    67 | D        | Killed a vault sentinel
    68 | D        | Reached skill level 5 in Stealth
    68 | D        | Reached skill level 5 in Spellcasting
    68 | D        | Reached skill level 1 in Transmutations
    68 | D        | Reached skill level 11 in Earth Magic
    68 | D        | Reached XP level 2. HP: 15/15 MP: 3/8
    68 | D        | Reached XP level 3. HP: 19/19 MP: 3/10
    68 | D        | Reached XP level 4. HP: 24/24 MP: 3/11
    68 | D        | Reached XP level 5. HP: 28/28 MP: 3/13
    68 | D        | Reached XP level 6. HP: 32/32 MP: 3/14
    69 | D        | Killed a slime creature
    70 | D        | Reached skill level 12 in Earth Magic
    70 | D        | Reached XP level 7. HP: 23/36 MP: 1/16
   175 | D        | Learned a level 2 spell: Passwall
   179 | D        | Learned a level 3 spell: Stone Arrow
   185 | D        | Learned a level 5 spell: Lee's Rapid Deconstruction
   190 | D        | Learned a level 4 spell: Petrify
   201 | D        | Entered arena 3.
   201 | D        | Found a transporter.
   202 | D        | Reached * piety under Vehumet
   202 | D        | Offered knowledge of Shock by Vehumet.
   281 | D        | Entered arena 4.
   281 | D        | Found a transporter.
   289 | D        | Reached ** piety under Vehumet
   290 | D        | Reached skill level 5 in Dodging
   290 | D        | Reached skill level 13 in Earth Magic
   384 | D        | Got the ring of Catwozer {Ice Drain Fly rN++ Str-4}
   386 | D        | Got the ring "Ycwoxa" {rElec rPois AC+4 Str-3 SInv}
   391 | D        | Entered arena 5.
   391 | D        | Noticed a green draconian stormcaller
   391 | D        | Noticed a sun demon
   391 | D        | Noticed a small abomination
   391 | D        | Found a transporter.
   396 | D        | Killed a small abomination
   396 | D        | Offered knowledge of Freeze by Vehumet.
   396 | D        | Reached *** piety under Vehumet
   396 | D        | Killed a green draconian stormcaller
   396 | D        | Slain by a sun demon

Illustrated notes

Levels and vault maps discovered:
D:        sprint_v [room_start, room_1, room_2, room_3, room_4, room_5, room_6,
          room_7, room_8, room_9, room_10, room_11, room_12, room_13, room_14,
          room_15, room_16, room_17, room_18, room_19, room_20, room_21,
          room_22, room_23, room_24, room_25, room_26, room_27]

Skill      XL: |  1  2  3  4  5  6  7 |
---------------+----------------------+-----
Dodging        | 4 5 |  5.1
Stealth        | 5 |  5.8
Spellcasting   | 5 6 7 |  7.0
Transmutations | 1 |  1.8
Earth Magic    | 11 12 13 | 13.3
Evocations     | 2 |  2.4

Action                   |  1- 3 |  4- 6 |  7- 9 || total
-------------------------+-------+-------+-------++-------
 Cast: Sandblast         |       |     2 |     5 ||     7
       Lee's Rapid Decon |       |       |     4 ||     4
       Stone Arrow       |       |       |     2 ||     2
       Petrify           |       |       |     2 ||     2
Evoke: Wand              |     4 |       |       ||     4
       Lightning rod     |       |       |     3 ||     3
Armor: Robe              |     2 |       |     5 ||     7
Dodge: Dodged            |     1 |       |     9 ||    10

Table legend: (Time is in decaauts)
 A = Elapsed time spent in this place.
 B = Non-inter-level travel time spent in this place.
 C = Inter-level travel time spent in this place.
 D = Time resting spent in this place.
 E = Time spent auto-exploring this place.
 F = Levels seen in this place.
 G = Mean time per level.
                   A        B        C        D        E       F      G
               +--------+--------+--------+--------+--------+-----+--------+
         Total |    393 |    393 |      0 |    250 |      0 |   1 |  393.0 |
       Dungeon |    393 |    393 |      0 |    250 |      0 |   1 |  393.0 |
               +--------+--------+--------+--------+--------+-----+--------+

Top non-repeatable levels by time:
       D: 393 daAuts
